 Dungeon Crawl Stone Soup version 0.23.2-1-ga50397a (webtiles) character file.

Game seed: 6732369417131039839

29540 teukkam the Spear-Bearer (level 13, 0/107 HPs)
             Began as a Minotaur Fighter on May 29, 2019.
             Was an Initiate of Gozag.
             Slain by a hell hound (7 damage)
             ... on level 4 of the Lair of Beasts on June 2, 2019.
             The game lasted 00:54:53 (14269 turns).

teukkam the Spear-Bearer (Minotaur Fighter)        Turns: 14269, Time: 00:54:53

Health: 0/107      AC: 13    Str: 25    XL:     13   Next: 15%
Magic:  20/20      EV: 14    Int:  8    God:    Gozag
Gold:   2682       SH:  0    Dex: 13    Spells: 9/12 levels left

rFire    . . .     SeeInvis .   m - +6 halberd of Harmony {venom, +Rage}
rCold    . . .     Gourm    .   (shield currently unavailable)
rNeg     . . .     Faith    .   l - +2 robe of a bailey {+Fly rPois MR+}
rPois    +         Spirit   .   G - +2 hat {Int+3}
rElec    .         Reflect  .   (no cloak)
rCorr    .         Harm     .   W - +2 pair of gloves
MR       +....     Clarity  +   i - +2 pair of boots
Stlth    +.........             Y - amulet of the acrobat
HPRegen  0.27/turn              g - +4 ring of dexterity
MPRegen  0.17/turn              u - +3 ring of evasion

@: about to teleport
A: retaliatory headbutt, horns 2, clarity, clumsy 1
a: Potion Petition, Call Merchant, Bribe Branch, Renounce Religion, Evoke
Berserk Rage, Evoke Flight


You were on level 4 of the Lair of Beasts.
You worshipped Gozag.
Gozag was most pleased with you.
You were not hungry.

You visited 4 branches of the dungeon, and saw 17 of its levels.
You also visited: Ossuary.

You collected 3266 gold pieces.
You spent 516 gold pieces at shops.
You paid 68 gold pieces to Gozag.

Inventory:

Hand Weapons
 a - the +7 quick blade "Licsynko" {pain, rElec rPois}
   (You found it on level 2 of the Lair of Beasts)

   In the hands of one skilled in necromantic magic, it inflicts extra damage on
   living creatures.
   It insulates you from electricity.
   It protects you from poison.
 b - a +1 hunting sling
 c - a +2 whip of flaming
 m - the +6 halberd of Harmony (weapon) {venom, +Rage}
   (You found it on level 5 of the Dungeon)

   It poisons the flesh of those it strikes.
   It lets you go berserk.
 P - a +0 spear of freezing
Missiles
 p - 11 javelins (quivered)
 w - 376 stones
 B - 25 tomahawks
 K - 67 poisoned needles
 O - 8 needles of sleeping
 Z - 2 throwing nets
Armour
 i - a +2 pair of boots (worn)
 l - the +2 robe of a bailey (worn) {+Fly rPois MR+}
   (You found it on level 10 of the Dungeon)

   It protects you from poison.
   It affects your resistance to hostile enchantments.
   It lets you fly.
 G - a +2 hat of intelligence (worn)
 H - a +0 chain mail
 N - a +0 shield
 W - a +2 pair of gloves (worn)
Magical Staves
 I - an uncursed staff of conjuration
 U - an uncursed staff of wizardry
Jewellery
 g - a +4 ring of dexterity (left hand)
 s - an uncursed ring of positive energy
 u - a +3 ring of evasion (right hand)
 R - an uncursed amulet of regeneration
 T - an uncursed ring of positive energy
 V - an uncursed ring of resist corrosion
 Y - an amulet of the acrobat (around neck)
Wands
 n - a wand of flame (20)
 o - a wand of polymorph (5)
 v - a wand of digging (6)
 x - a wand of iceblast (9)
 F - a wand of enslavement (3)
 L - a wand of acid (3)
 M - a wand of disintegration (21)
 Q - a wand of random effects (21)
Scrolls
 e - 12 scrolls of identify
 h - 3 scrolls of immolation
 z - 3 scrolls of remove curse
 A - 4 scrolls of amnesia
 X - a scroll of summoning
Potions
 d - 3 potions of might
 j - 7 potions of curing
 k - a potion of magic
 r - 3 potions of heal wounds
 C - 2 potions of haste
 D - a potion of invisibility
 E - 2 potions of ambrosia
Miscellaneous
 q - a fan of gales
 J - a phial of floods
 S - a phantom mirror
Comestibles
 f - 5 rations


   Skills:
 - Level 7.8 Fighting
 + Level 4.4 Short Blades
   Level 7.2(12.0) Axes
 - Level 14.7(15.3) Polearms
 - Level 4.6 Slings
 - Level 7.8 Armour
 - Level 7.8 Shields
 + Level 3.0 Necromancy
 - Level 11.4 Evocations


You had 9 spell levels left.
You knew the following spells:

 Your Spells              Type           Power        Failure   Level  Hunger
a - Regeneration          Chrm/Necr      #.........   56%         3    ####...

Your spell library contained the following spells:

 Spells                   Type           Power        Failure   Level  Hunger
 Beastly Appendage        Tmut           #.....       41%         1    ##.....
 Freeze                   Ice            #...         41%         1    ##.....
 Infusion                 Chrm           #...         41%         1    ##.....
 Shock                    Conj/Air       #...         41%         1    ##.....
 Blink                    Tloc           N/A          54%         2    ###....
 Shroud of Golubria       Chrm/Tloc      #.........   54%         2    ###....
 Song of Slaying          Chrm           #.......     54%         2    ###....
 Sticks to Snakes         Tmut           #.......     54%         2    ###....
 Swiftness                Chrm/Air       #.......     54%         2    ###....
 Throw Frost              Conj/Ice       #.....       54%         2    ###....
 Gell's Gravitas          Tloc           #.........   78%         3    ####...
 Lesser Beckoning         Tloc           #.........   78%         3    ####...
 Ozocubu's Armour         Chrm/Ice       #.......     78%         3    ####...
 Spectral Weapon          Hex/Chrm       #.......     78%         3    ####...
 Spider Form              Tmut/Pois      #.........   78%         3    ####...
 Static Discharge         Conj/Air       #.......     78%         3    ####...
 Teleport Other           Tloc           #.......     78%         3    ####...
 Airstrike                Air            #.........   99%         4    #####..
 Ice Form                 Ice/Tmut       #.......     99%         4    #####..
 Passage of Golubria      Tloc           N/A          99%         4    #####..
 Summon Ice Beast         Ice/Summ       #.......     99%         4    #####..
 Throw Icicle             Conj/Ice       #.......     99%         4    #####..
 Blade Hands              Tmut           #.........   100%        5    ######.
 Lightning Bolt           Conj/Air       #.........   100%        5    ######.
 Metabolic Englaciation   Hex/Ice        #.........   100%        5    ######.
 Bolt of Cold             Conj/Ice       #.........   100%        6    #######
 Freezing Cloud           Conj/Ice/Air   #.........   100%        6    #######
 Ozocubu's Refrigeration  Ice            #.........   100%        6    #######
 Poison Arrow             Conj/Pois      #.........   100%        6    #######
 Simulacrum               Ice/Necr       #.........   100%        6    #######
 Chain Lightning          Conj/Air       #.........   100%        8    #######
 Lehudib's Crystal Spear  Conj/Erth      #.........   100%        8    #######
 Fire Storm               Conj/Fire      #.........   100%        9    #######
 Glaciate                 Conj/Ice       #.........   100%        9    #######


Dungeon Overview and Level Annotations

Branches:
Dungeon (11/15)            Temple (1/1) D:4            Lair (4/6) D:8
 Shoals (0/4) Lair:3       Spider (0/4) Lair:2          Orc (1/2) D:10

Altars:
Ashenzari
Cheibriados
Elyvilon
Fedhas
Gozag
Hepliaklqana
Kikubaaqudgha
Makhleb
Nemelex Xobeh
Okawaru
Qazlal
Sif Muna
Trog
Uskayaw
Vehumet
Wu Jian
Xom
Yredelemnul
Zin
The Shining One

Shops:
D:6 *   D:7 *   D:8 *   D:11 *


Innate Abilities, Weirdness & Mutations

You reflexively headbutt those who attack you in melee.
You have a pair of horns on your head.
You possess an exceptional clarity of mind.
You are clumsy. (Dex -2)


Message History

You feel sick.
You feel sick.
You feel sick.
You feel sick.
The death yak gores the plant.
You feel sick.
You feel sick.
You feel sick.
You feel sick.
You feel sick.
You are no longer poisoned. 2 hell hounds and a hydra come into view.
The hell hound barks!
The six-headed hydra roars!
The hell hound barks!
The hell hound completely misses you. The hell hound bites you.
* * * LOW HITPOINT WARNING * * *
As you read the scroll of teleportation, it crumbles to dust.
You feel strangely unstable. The hell hound misses you.
The hell hound bites you!
You die...
Your body crumbles into a pile of gold.

**,,* *,,,,, **,**
*,*,,, *,,****,,,,,
**,,,**,,****
*,*,,***,*,,,
**,,,,**,*,** ###
*,*,,**,*,+, ##.##
*,****..#,**
#.@h#****,* *#.#,,,
#.#hD.#**###*P.#*##
#Y#....###.###..,,.
####.###.###...##.#*,#
#.....#*####...##.#,,#
####.P#####.......####
#..Y........##..#.#
##..P.......#..#.##
###.........#.....


You could see a death yak, a six-headed hydra and 2 hell hounds.

Vanquished Creatures
  Harold (D:8)
  4 death yaks
  4 two-headed ogres
  Nergalle (Lair:1)
  Pikel (D:7)
  A wolf spider zombie (D:10)
  A wolf spider (Lair:1)
  An ugly thing (D:10)
  A manticore (D:10)
  A merfolk siren (Lair:3)
  Joseph (D:10)
  A black mamba (Lair:3)
  4 elephants (Lair:2)
  2 rust devils (D:5)
  A torpor snail (Lair:2)
  5 spiny frogs
  2 rime drakes
  A kobold demonologist (D:9)
  A komodo dragon (Lair:4)
  A jumping spider (Lair:2)
  A polar bear (D:10)
  2 tyrant leeches (Lair:2)
  4 blink frogs
  8 hippogriffs
  2 redbacks (Lair:2)
  3 wyverns
  16 yaks
  3 basilisks
  A warg (Orc:1)
  2 swamp worms (Lair:2)
  5 water moccasins
  Duvessa (D:7)
  6 porcupines
  8 orc warriors
  4 ice beasts
  3 phantoms
  A boggart (D:6)
  15 wolves
  5 ogres
  2 centaurs
  6 crocodiles
  2 big kobolds (D:8)
  Blork the orc (D:5)
  14 bullfrogs
  2 elf zombies (Ossuary)
  2 gnoll sergeants (D:9)
  Dowan (D:7)
  9 killer bees
  5 howler monkeys
  3 electric eels (D:10)
  3 crimson imps
  3 centaur zombies
  3 bullfrog zombies
  2 centaur skeletons
  3 hounds
  A human zombie (Ossuary)
  8 orc priests
  2 jellies
  9 orc wizards
  2 iguanas
  4 worker ants
  A killer bee zombie (D:10)
  A bullfrog simulacrum (D:10)
  A big kobold zombie (Ossuary)
  A hound zombie (D:8)
  A hound skeleton (D:4)
  2 mummies (Ossuary)
  2 worker ant zombies (D:10)
  17 gnolls
  6 adders
  2 shadow imps
  A white imp (D:10)
  A worm (D:5)
  4 dart slugs (D:1)
  5 leopard geckos
  35 orcs
  4 giant cockroaches
  6 goblins
  3 hobgoblins
  4 jackals
  6 quokkas
  A ball python (D:2)
  7 frilled lizards
  2 goblin zombies (Ossuary)
  14 hobgoblin zombies (Ossuary)
  A jackal zombie (Ossuary)
  16 kobolds
  5 kobold zombies (Ossuary)
  6 orc zombies (Ossuary)
  A quokka skeleton (D:8)
  4 rats
  3 rat zombies (Ossuary)
  A fungus (Lair:2)
376 creatures vanquished.

Vanquished Creatures (collateral kills)
  A swamp worm (Lair:2)
1 creature vanquished.

Vanquished Creatures (others)
  6 plants (Lair:2)
6 creatures vanquished.

Grand Total: 383 creatures vanquished

Notes
Turn   | Place    | Note
-------+----------+-------------------------------------------
     0 | D:1      | teukkam the Minotaur Fighter began the quest for the Orb.
     0 | D:1      | Reached XP level 1. HP: 19/19 MP: 0/0
    87 | D:1      | Reached XP level 2. HP: 23/27 MP: 1/1
   497 | D:3      | Reached XP level 3. HP: 33/33 MP: 2/2
   507 | D:3      | Found a white marble altar of Elyvilon.
   507 | D:3      | Noticed an orc warrior
   561 | D:2      | Reached XP level 4. HP: 5/41 MP: 3/3
   922 | D:2      | Found a white marble altar of Elyvilon.
  1290 | D:4      | Noticed an ogre
  1295 | D:4      | Killed an ogre
  1295 | D:4      | Reached XP level 5. HP: 28/47 MP: 4/4
  1439 | D:4      | Reached skill level 5 in Fighting
  1439 | D:4      | Reached skill level 5 in Armour
  1439 | D:4      | Reached skill level 5 in Shields
  1585 | D:4      | Reached XP level 6. HP: 53/56 MP: 5/5
  1635 | D:4      | Found a staircase to the Ecumenical Temple.
  1637 | D:5      | Entered Level 5 of the Dungeon
  1650 | Temple   | Entered the Ecumenical Temple
  1801 | Temple   | Became a worshipper of Gozag Ym Sagoz the Greedy
  1981 | D:3      | Killed an orc warrior
  2405 | D:3      | Found a stormy altar of Qazlal.
  2574 | D:3      | Found a hazy altar of Hepliaklqana.
  2887 | D:4      | Reached skill level 5 in Axes
  2887 | D:4      | Reached XP level 7. HP: 62/62 MP: 6/6
  3165 | D:5      | Noticed a hippogriff
  3180 | D:5      | Killed a hippogriff
  3180 | D:5      | Reached skill level 1 in Slings
  3203 | D:5      | Found a burning altar of Makhleb.
  3228 | D:5      | Found a blossoming altar of Fedhas.
  3296 | D:5      | Found a snail-covered altar of Cheibriados.
  3352 | D:5      | Found a glowing silver altar of Zin.
  3390 | D:5      | Found a glowing golden altar of the Shining One.
  3867 | D:5      | Noticed Blork the orc
  3872 | D:5      | Killed Blork the orc
  3872 | D:5      | Reached XP level 8. HP: 70/71 MP: 7/7
  3878 | D:5      | Found a deep blue altar of Sif Muna.
  4118 | D:6      | Found a sand-covered staircase.
  4125 | Ossuary  | Entered an ossuary
  4502 | D:6      | Found Baoxaihe's General Store.
  4505 | D:6      | Bought a scroll of identify for 24 gold pieces
  4534 | D:5      | Noticed a rust devil
  4534 | D:5      | Noticed a rust devil
  4552 | D:5      | Killed a rust devil
  4552 | D:5      | Reached XP level 9. HP: 26/79 MP: 8/8
  4552 | D:5      | Killed a rust devil
  4588 | D:5      | Got a twisted halberd
  4589 | D:5      | Identified the +6 halberd of Harmony {venom, +Rage} (You
                  | found it on level 5 of the Dungeon)
  4859 | D:6      | Reached skill level 1 in Polearms
  4876 | D:6      | Reached skill level 2 in Polearms
  4968 | D:6      | Reached skill level 3 in Polearms
  5160 | D:7      | Noticed an angel
  5172 | D:7      | Reached skill level 4 in Polearms
  5209 | D:7      | Found a glowing silver altar of Zin.
  5212 | D:7      | Found Citum's Hallowed Reliquary.
  5220 | D:7      | Bought a potion of heal wounds for 75 gold pieces
  5220 | D:7      | Bought a potion of curing for 45 gold pieces
  5220 | D:7      | Bought a potion of curing for 45 gold pieces
  5220 | D:7      | Bought a potion of curing for 45 gold pieces
  5313 | D:7      | Reached skill level 1 in Evocations
  5315 | D:7      | Reached skill level 5 in Polearms
  5604 | D:7      | Noticed Duvessa
  5605 | D:7      | Noticed Dowan
  5609 | D:7      | Killed Duvessa
  5613 | D:7      | Killed Dowan
  5743 | D:7      | Noticed Pikel
  5757 | D:7      | Killed Pikel
  5757 | D:7      | Reached skill level 6 in Polearms
  6146 | D:9      | Noticed a kobold demonologist
  6149 | D:9      | Killed a kobold demonologist
  6149 | D:9      | Reached skill level 7 in Polearms
  6149 | D:9      | Reached XP level 10. HP: 88/88 MP: 10/12
  6423 | D:9      | Reached skill level 8 in Polearms
  6436 | D:9      | Reached skill level 5 in Evocations
  6789 | D:10     | Entered Level 10 of the Dungeon
  6850 | D:10     | HP: 3/88 [orc warrior/+0 war axe (23)]
  6851 | D:10     | Reached skill level 9 in Polearms
  7013 | D:10     | Found a staircase to the Orcish Mines.
  7083 | Orc:1    | Entered Level 1 of the Orcish Mines
  7083 | Orc:1    | Noticed a two-headed ogre
  7092 | Orc:1    | Killed a two-headed ogre
  7112 | D:10     | Reached skill level 10 in Polearms
  7166 | D:10     | Noticed a cyan ugly thing
  7166 | D:10     | Noticed a manticore
  7176 | D:10     | Killed a cyan ugly thing
  7178 | D:10     | Killed a manticore
  7178 | D:10     | Reached XP level 11. HP: 11/94 MP: 15/15
  7379 | D:10     | Got a wizard robe
  7391 | D:10     | Identified the +2 robe of a bailey {+Fly rPois MR+} (You
                  | found it on level 10 of the Dungeon)
  7411 | D:10     | Noticed a two-headed ogre
  7426 | D:10     | Killed a two-headed ogre
  7442 | D:10     | Reached skill level 11 in Polearms
  7616 | D:10     | Noticed a two-headed ogre
  7626 | D:10     | Killed a two-headed ogre
  8193 | D:10     | Noticed Joseph
  8207 | D:10     | Killed Joseph
  8455 | D:11     | Reached skill level 12 in Polearms
  8552 | D:11     | Found Zujoshu's General Store.
  8560 | D:11     | Bought a potion of curing for 51 gold pieces
  8560 | D:11     | Bought a scroll of summoning for 161 gold pieces
  8755 | D:8      | Found Pero Qed's General Store.
  8761 | D:8      | Bought a potion of heal wounds for 70 gold pieces
  8787 | D:8      | Found a shimmering altar of Xom.
  8787 | D:8      | Found a shimmering altar of Xom.
  8787 | D:8      | Found a shimmering altar of Xom.
  8788 | D:8      | Found a shimmering altar of Xom.
  8788 | D:8      | Found a shimmering altar of Xom.
  8789 | D:8      | Found a shimmering altar of Xom.
  8789 | D:8      | Found a shimmering altar of Xom.
  8789 | D:8      | Found a shimmering altar of Xom.
  8821 | D:8      | Noticed a two-headed ogre
  8826 | D:8      | Killed a two-headed ogre
  8948 | D:8      | Noticed Harold
  8959 | D:8      | Killed Harold
  8969 | D:8      | Found a staircase to the Lair.
  8987 | Lair:1   | Entered Level 1 of the Lair of Beasts
  9257 | Lair:1   | Noticed a death yak
  9261 | Lair:1   | Noticed a death yak
  9263 | Lair:1   | Noticed a death yak
  9281 | Lair:1   | Killed a death yak
  9281 | Lair:1   | Reached skill level 13 in Polearms
  9281 | Lair:1   | Reached XP level 12. HP: 54/101 MP: 18/18
  9294 | Lair:1   | Killed a death yak
  9306 | Lair:1   | Killed a death yak
  9306 | Lair:1   | Reached skill level 10 in Evocations
  9647 | Lair:1   | Noticed Nergalle
  9654 | Lair:1   | Killed Nergalle
 10305 | Lair:2   | Reached skill level 14 in Polearms
 11801 | Lair:2   | Found a hole to the Spider Nest.
 11851 | Lair:2   | Got a polished quick blade
 11852 | Lair:2   | Identified the +7 quick blade "Licsynko" {pain, rElec
                  | rPois} (You found it on level 2 of the Lair of Beasts)
 11858 | Lair:2   | Learned a level 3 spell: Regeneration
 11914 | Lair:2   | Noticed a five-headed hydra
 12050 | Lair:3   | Reached skill level 1 in Short Blades
 12065 | Lair:3   | Reached skill level 1 in Necromancy
 12572 | Lair:3   | Gained mutation: You tend to lose your temper in combat.
                  | [potion of mutation]
 12572 | Lair:3   | Gained mutation: Your spells are a little easier to cast,
                  | but a little less powerful. [potion of mutation]
 12572 | Lair:3   | Gained mutation: You often lose your temper in combat.
                  | [potion of mutation]
 12572 | Lair:3   | Gained mutation: You are partially covered in rugged brown
                  | scales. (AC +1, +3% HP) [potion of mutation]
 12573 | Lair:3   | Lost mutation: Your spells are a little easier to cast, but
                  | a little less powerful. [potion of mutation]
 12573 | Lair:3   | Lost mutation: You are partially covered in rugged brown
                  | scales. (AC +1, +3% HP) [potion of mutation]
 12573 | Lair:3   | Gained mutation: You are robust. (+10% HP) [potion of
                  | mutation]
 12573 | Lair:3   | Gained mutation: You are somewhat resistant to further
                  | mutation. [potion of mutation]
 12574 | Lair:3   | Lost mutation: You are somewhat resistant to further
                  | mutation. [potion of mutation]
 12574 | Lair:3   | Lost mutation: You often lose your temper in combat.
                  | [potion of mutation]
 12574 | Lair:3   | Lost mutation: You tend to lose your temper in combat.
                  | [potion of mutation]
 12574 | Lair:3   | Gained mutation: You are dopey. (Int -2) [potion of
                  | mutation]
 12574 | Lair:3   | Gained mutation: Your spells are a little harder to cast,
                  | but a little more powerful. [potion of mutation]
 12575 | Lair:3   | Lost mutation: You are robust. (+10% HP) [potion of
                  | mutation]
 12575 | Lair:3   | Lost mutation: Your spells are a little harder to cast, but
                  | a little more powerful. [potion of mutation]
 12575 | Lair:3   | Gained mutation: You are weak. (Str -2) [potion of
                  | mutation]
 12575 | Lair:3   | Gained mutation: You are agile. (Dex +2) [potion of
                  | mutation]
 12575 | Lair:3   | Gained mutation: Your spells are a little harder to cast,
                  | but a little more powerful. [potion of mutation]
 12576 | Lair:3   | Lost mutation: You are dopey. (Int -2) [potion of mutation]
 12576 | Lair:3   | Lost mutation: Your spells are a little harder to cast, but
                  | a little more powerful. [potion of mutation]
 12576 | Lair:3   | Lost mutation: You are agile. (Dex +2) [potion of mutation]
 12576 | Lair:3   | Lost mutation: You are weak. (Str -2) [potion of mutation]
 12576 | Lair:3   | Gained mutation: You have large cloven feet. [potion of
                  | mutation]
 12576 | Lair:3   | Gained mutation: You occasionally shout uncontrollably at
                  | your foes. [potion of mutation]
 12576 | Lair:3   | Gained mutation: Your flesh is cold resistant. (rC+)
                  | [potion of mutation]
 12580 | Lair:3   | Lost mutation: Your flesh is cold resistant. (rC+) [potion
                  | of mutation]
 12580 | Lair:3   | Lost mutation: You occasionally shout uncontrollably at
                  | your foes. [potion of mutation]
 12580 | Lair:3   | Lost mutation: You have large cloven feet. [potion of
                  | mutation]
 12580 | Lair:3   | Gained mutation: You are robust. (+10% HP) [potion of
                  | mutation]
 12580 | Lair:3   | Lost mutation: You are robust. (+10% HP) [potion of
                  | mutation]
 12580 | Lair:3   | Gained mutation: You are clumsy. (Dex -2) [potion of
                  | mutation]
 12580 | Lair:3   | Gained mutation: You possess an exceptional clarity of
                  | mind. [potion of mutation]
 13243 | Lair:3   | Found a staircase to the Shoals.
 13381 | Lair:4   | Identified a scroll of acquirement
 13405 | Lair:4   | Reached XP level 13. HP: 107/107 MP: 20/20
 14269 | Lair:4   | Slain by a hell hound

Skill      XL: |  1  2  3  4  5  6  7  8  9 10 11 12 13 |
---------------+----------------------------------------+-----
Armour         | 4 5 6 7 |  7.8
Shields        | 4 5 6 7 |  7.8
Fighting       | 4 5 6 7 |  7.8
Axes           | 3 4 5 7 |  7.2
Slings         | 2 4 |  4.6
Polearms       | 7 10 13 14 | 14.7
Evocations     | 4 7 9 11 | 11.4
Short Blades   | 2 4 |  4.4
Necromancy     | 1 3 |  3.0

Action                   |  1- 3 |  4- 6 |  7- 9 | 10-12 | 13-15 || total
-------------------------+-------+-------+-------+-------+-------++-------
Melee: War axe           |    59 |   108 |   182 |       |       ||   349
       Headbutt          |     3 |    21 |    46 |   139 |     9 ||   218
       Halberd           |       |       |    45 |   502 |    59 ||   606
       Quick blade       |       |       |       |    33 |     2 ||    35
 Fire: Hunting sling     |       |     6 |    19 |    67 |       ||    92
Throw: Javelin           |       |     4 |     3 |    14 |     3 ||    24
Invok: Potion Petition   |       |     1 |       |       |       ||     1
Evoke: Wand              |       |       |     6 |     8 |       ||    14
  Use: Potion            |       |       |     4 |    16 |       ||    20
       Scroll            |       |       |     4 |    16 |     3 ||    23
 Stab: Distracted        |       |       |       |     3 |       ||     3
       Sleeping          |       |       |       |     2 |       ||     2
  Eat: Chunk             |       |     3 |       |       |       ||     3
       Ration            |       |     1 |     3 |     7 |     1 ||    12
Armor: Scale mail        |    29 |    39 |    45 |       |       ||   113
       Chain mail        |       |       |    29 |   161 |       ||   190
       Robe              |       |       |       |    39 |    22 ||    61
Dodge: Dodged            |    18 |    21 |   104 |   291 |    72 ||   506
Block: Shield            |    25 |    67 |    87 |       |       ||   179
